 Dungeon Crawl Stone Soup version 0.29.0-4-gdea44cf6ec (webtiles) character file.

Game seed: 2830630769346336024

20318 qw the Severer (level 11, -1/104 HPs)
             Began as a Minotaur Fighter on Sept 7, 2022.
             Was a Believer of Ru.
             Slain by a five-headed hydra (4 damage)
             ... summoned by an orange crystal statue
             ... on level 11 of the Dungeon.
             The game lasted 00:04:31 (10601 turns).

qw the Severer (Minotaur Fighter)                  Turns: 10601, Time: 00:04:32

Health: -1/104     AC: 22    Str: 25      XL:     11   Next: 44%
Magic:  3/10       EV:  8    Int:  1 (5)  God:    Ru [**....]
Gold:   765        SH:  5    Dex: 10      Spells: 10/10 levels left

rFire   + . .      SeeInvis .   t - +0 morningstar
rCold   + + .      Faith    .   c - +0 buckler
rNeg    + . .      Spirit   .   q - +3 plate armour
rPois   +          Reflect  .   u - +1 hat
rElec   .          Harm     .   s - scarf {rC+ rF+}
rCorr   .          Rampage  .   (no gloves)
Will    +....                   (no boots)
Stlth   ..........              m - amulet "Vaoth" {Acrobat rN+ Will+}
HPRegen 1.07/turn               p - ring of poison resistance
MPRegen 0.12/turn               h - +4 ring of protection

@: about to teleport
A: horns 2, no ice magic, no summoning magic, no transmutations magic,
inexperienced 1, retaliatory headbutt, hooves 1, cold resistance 1, regeneration
1, noise suppression
a: Renounce Religion


You were on level 11 of the Dungeon.
You worshipped Ru.
Ru was pleased with you.
You visited 2 branches of the dungeon, and saw 12 of its levels.
You also visited: Sewer.

You collected 798 gold pieces.
You spent 33 gold pieces at shops.


Innate Abilities, Weirdness & Mutations

You have a pair of horns on your head.
You cannot study or cast Ice magic.
You cannot study or cast Summoning magic.
You cannot study or cast Transmutations magic.
You are somewhat inexperienced. (-1 XL)
You reflexively headbutt those who attack you in melee.
You have large cloven feet.
Your flesh is cold resistant. (rC+)
Your natural rate of healing is unusually fast.
You passively dampen the noise of your surroundings.


   Skills:
 + Level 12.1 Fighting
 - Level 17.0 Axes
 - Level 5.0 Throwing
 - Level 10.0 Armour
 - Level 4.1 Dodging
 - Level 8.0 Shields


You had 10 spell levels left.
You didn't know any spells.
Your spell library was empty.

Inventory:

Hand Weapons
 o - a +2 spectral war axe
 t - a +0 morningstar (weapon)
Missiles
 f - 3 boomerangs
 r - 7 javelins (quivered)
 w - 6 boomerangs of dispersal
Armour
 c - a +0 buckler (worn)
 n - a +0 cloak
 q - a +3 plate armour (worn)
 s - a scarf of resistance (worn)
 u - a +1 hat (worn)
Jewellery
 h - a +4 ring of protection (right hand)
 m - the amulet "Vaoth" (around neck) {Acrobat rN+ Will+}
   (You took it off an orc priest on level 7 of the Dungeon)

   [amulet of the acrobat]

   It increases your evasion while moving and waiting.
   rN:        It protects you from negative energy.
   Will:      It increases your willpower.
 p - a ring of poison resistance (left hand)
 Y - a +4 ring of evasion
Scrolls
 a - 2 scrolls of identify
 j - 4 scrolls of teleportation
Potions
 b - a potion of resistance {unknown}
 d - 5 potions of might
 g - a potion of cancellation
 k - 5 potions of heal wounds
 l - 3 potions of mutation
 x - a potion of haste

Dungeon Overview and Level Annotations

Branches:
Dungeon (11/15)            Temple (1/1) D:4            Lair (0/5) D:8
    Orc (0/2) D:9           Sewer (visited)

Altars:
Ashenzari
Cheibriados
Dithmenos
Elyvilon
Fedhas
Gozag
Makhleb
Nemelex Xobeh
Okawaru
Ru
Sif Muna
Trog
Uskayaw
Wu Jian
Xom
The Shining One

Shops:
D:1 *   D:10 ?

Annotations:
D:3 1 runed translucent door, qw's ghost, amateur BaCK
D:4 1 runed translucent door, qw's ghost, novice GrFi


Message History

The five-headed hydra bites you but does no damage. x4
The orange crystal statue glitters.
You are confused.
10598 ||| DRINKING potion of curing.
You feel better.
10598 ||| (to cure confusion)
The five-headed hydra bites you.
You block the five-headed hydra's attack.
The five-headed hydra bites you but does no damage. x3
The manticore bites you but does no damage.
The manticore claws you but does no damage.
You block the manticore's attack.
The orange crystal statue glitters.
You resist with almost no effort.
You puncture the five-headed hydra!
Your headbutt misses the five-headed hydra.
The five-headed hydra is moderately wounded.
The yak closely misses you. The five-headed hydra bites you.
The five-headed hydra bites you but does no damage. x2
The five-headed hydra barely misses you.
The five-headed hydra bites you but does no damage.
The manticore barely misses you. The manticore claws you.
The manticore claws you but does no damage.
You puncture the five-headed hydra!
Your headbutt misses the five-headed hydra.
The five-headed hydra is heavily wounded.
You carefully extract the barbed spikes from your body.
The manticore begins to attack, but is stunned by your conviction!
The yak gores you but does no damage. The five-headed hydra bites you.
The five-headed hydra bites you but does no damage. x2
You block the five-headed hydra's attack.
The five-headed hydra bites you! The manticore bites you!!
The manticore claws you but does no damage. x2
10601 ||| READING 5 scrolls of teleportation.
As you read the scroll of teleportation, it crumbles to dust.
You feel strangely unstable. The yak gores you but does no damage.
The five-headed hydra bites you but does no damage. x2
You block the five-headed hydra's attack. x2
The five-headed hydra bites you.
You die...

.# ..# ##### ..###...## .
....$}).### ...# #.[888(..###...#
#.}888)........ #.=888:.......
#.[)YD..#..## ##$.@HH.#...#
.....#.....$...#.#
####...##...##.... ####
########.........# ###..#
###..##.............
#....####.....#..........#.. ##
#.....#.....[...##.#.........###.
##....%.....######...[.......##..
##.......#..#####...........#..<


You could see a five-headed hydra (summoned), an orange crystal statue, 2
manticores and a yak (summoned).

Vanquished Creatures
  A rakshasa (D:10)
  Fannar (D:10)
  A hydra (D:10)
  Erica (D:9)
  A two-headed ogre (D:11)
  Urug (D:10)
  Nergalle (D:10)
  A skeletal warrior (D:10)
  2 cyclopes
  An ugly thing (D:10)
  Maurice (D:9)
  A gargoyle (D:8)
  Psyche (D:11)
  An unseen horror (D:11)
  3 trolls
  A hornet (D:10)
  Sigmund (D:4)
  A vampire (D:11)
  2 wraiths
  36 yaks
  5 wyverns
  2 vampire mosquitoes (D:11)
  A steam dragon (D:9)
  2 wargs (D:8)
  A water moccasin (D:7)
  3 acid dragons
  6 orc warriors
  2 black bears
  4 ice beasts
  7 centaurs
  3 phantoms
  2 kobold brigands
  2 bullfrogs
  A gnoll sergeant (D:7)
  3 necrophages
  2 scorpions
  13 wights
  12 killer bees
  7 howler monkeys
  A hound (D:4)
  8 orc priests
  2 gnoll boudas
  An iguana (D:6)
  Natasha (twice) (D:3)
  10 orc wizards
  Robin (D:3)
  11 adders
  12 gnolls
  3 river rats (Sewer)
  A shadow imp (D:5)
  2 white imps
  2 adder zombies (D:3)
  4 worms
  A dart slug (D:1)
  42 orcs
  4 bats
  3 endoplasms
  4 giant cockroaches
  17 goblins
  7 hobgoblins
  15 kobolds
  2 quokkas
  10 ball pythons
  3 frilled lizards (D:3)
  A goblin skeleton (D:4)
  3 hobgoblin zombies (D:4)
  2 orc zombies (D:4)
  A quokka zombie (D:3)
  3 rats (Sewer)
  A butterfly (D:4)
316 creatures vanquished.

Vanquished Creatures (others)
  5 withered plants (D:3)
5 creatures vanquished.

Grand Total: 321 creatures vanquished

Notes
Turn   | Place    | Note
-------+----------+-------------------------------------------
     0 | D:1      | qw the Minotaur Fighter began the quest for the Orb.
     0 | D:1      | Reached XP level 1. HP: 19/19 MP: 0/0
     0 | D:1      | 0 ||| qw: Version: 0.1-a-108-g9e35731
     0 | D:1      | 0 ||| qw: Game counter: 6473
     0 | D:1      | 0 ||| qw: Always use a shield: true
     0 | D:1      | 0 ||| qw: God list: Ru
     0 | D:1      | 0 ||| qw: Allow faded altars: false
     0 | D:1      | 0 ||| qw: Do Orc after D:15 true
     0 | D:1      | 0 ||| qw: Do second Lair branch before Depths: true
     0 | D:1      | 0 ||| qw: Lair rune preference: random
     0 | D:1      | 0 ||| qw: Plans: Normal
     0 | D:1      | 0 ||| PLANNING D:1-11
    12 | D:1      | 12 ||| Stepping ~*~*~tactically~*~*~ (hiding).
   141 | D:1      | Reached skill level 3 in Axes
   250 | D:1      | Reached XP level 2. HP: 26/26 MP: 1/1
   925 | D:1      | Found Wufuuzew's General Store.
   936 | D:1      | 936 ||| BUYING +0 mace (33 gold).
   936 | D:1      | Bought a +0 mace for 33 gold pieces
   936 | D:1      | 936 ||| SHOPLISTING +3 plate armour of poison resistance
                  | (462 gold, have 4).
   936 | D:1      | 936 ||| SHOPLISTING scroll of identify (22 gold, have 4).
   936 | D:1      | 936 ||| SHOPLISTING scroll of teleportation (33 gold, have
                  | 4).
   936 | D:1      | 936 ||| DROPPING +0 club.
  1055 | D:1      | 1055 ||| READING 3 scrolls labelled LULOCS BAMEPN.
  1056 | D:1      | 1056 ||| READING scroll labelled LIRILU NUSOQUM.
  1057 | D:1      | 1057 ||| READING scroll labelled GITO QALUQOR.
  1058 | D:1      | 1058 ||| READING scroll labelled RIOC QATZOLUO.
  1059 | D:1      | 1059 ||| READING 2 scrolls labelled WIAPRA AHOBBUL.
  1060 | D:1      | 1060 ||| READING scroll of enchant weapon.
  1060 | D:1      | 1060 ||| ENCHANTING +1 war axe.
  1061 | D:1      | 1061 ||| READING scroll labelled KIRUIRR WEAGA.
  1064 | D:1      | 1064 ||| READING 2 scrolls of identify.
  1064 | D:1      | 1064 ||| IDENTIFYING puce potion
  1185 | D:2      | Reached skill level 4 in Axes
  1635 | D:2      | 1635 ||| UPGRADING to +4 ring of evasion.
  1636 | D:2      | 1636 ||| READING scroll labelled LEPNO EDAUMMEM.
  1637 | D:2      | 1637 ||| READING scroll labelled ANWAAXT XITOESTRODGH.
  1638 | D:2      | 1638 ||| Stepping randomly (stuck).
  1639 | D:2      | 1639 ||| Stepping ~*~*~tactically~*~*~ (cloud).
  1642 | D:2      | HP: 6/26 [poisoned by you (poison gas)]
  1646 | D:2      | HP: 2/26 [poisoned by you (poison gas)]
  1997 | D:3      | 1997 ||| PLANNING SEWER
  2030 | D:3      | 2030 ||| Stepping ~*~*~tactically~*~*~ (hiding).
  2039 | D:3      | Reached XP level 3. HP: 19/31 MP: 2/2
  2333 | D:3      | Reached skill level 5 in Axes
  2338 | D:3      | Found a burning altar of Makhleb.
  2360 | D:3      | Found a glowing drain.
  2361 | D:3      | 2361 ||| READING 3 scrolls of identify.
  2361 | D:3      | 2361 ||| IDENTIFYING red potion
  2370 | D:3      | Reached skill level 1 in Dodging
  2375 | Sewer    | Entered a sewer
  2377 | Sewer    | 2377 ||| Stepping ~*~*~tactically~*~*~ (stealth).
  2386 | Sewer    | 2386 ||| Stepping ~*~*~tactically~*~*~ (stealth).
  2389 | Sewer    | Reached XP level 4. HP: 39/39 MP: 3/3
  2591 | Sewer    | 2591 ||| Stepping ~*~*~tactically~*~*~ (water).
  2704 | Sewer    | Reached skill level 6 in Axes
  2750 | Sewer    | 2750 ||| Stepping ~*~*~tactically~*~*~ (stealth).
  2759 | Sewer    | 2759 ||| Stepping ~*~*~tactically~*~*~ (stealth).
  2760 | Sewer    | 2760 ||| Stepping ~*~*~tactically~*~*~ (stealth).
  2762 | Sewer    | 2762 ||| Stepping ~*~*~tactically~*~*~ (stealth).
  2776 | Sewer    | 2776 ||| Stepping ~*~*~tactically~*~*~ (water).
  2838 | Sewer    | 2838 ||| DRINKING 2 dark potions.
  2839 | Sewer    | 2839 ||| READING 3 scrolls of identify.
  2839 | Sewer    | 2839 ||| IDENTIFYING inky potion
  2840 | Sewer    | 2840 ||| READING 2 scrolls of identify.
  2840 | Sewer    | 2840 ||| IDENTIFYING fuming brown potion
  2841 | Sewer    | 2841 ||| DROPPING potion of magic.
  2842 | Sewer    | 2842 ||| DROPPING potion of berserk rage.
  2843 | Sewer    | 2843 ||| DROPPING potion of invisibility.
  2869 | D:3      | 2869 ||| PLANNING D:1-11
  3019 | D:3      | Noticed Natasha
  3022 | D:3      | Killed Natasha
  3023 | D:3      | Reached XP level 5. HP: 30/45 MP: 4/4
  3455 | D:3      | Noticed Natasha
  3465 | D:3      | Killed Natasha
  3655 | D:3      | Found a runed translucent door.
  3678 | D:3      | 3678 ||| Stepping ~*~*~tactically~*~*~ (stealth).
  3680 | D:3      | 3680 ||| Stepping ~*~*~tactically~*~*~ (stealth).
  3689 | D:3      | Noticed Robin
  3690 | D:3      | 3690 ||| Stepping ~*~*~tactically~*~*~ (hiding).
  3695 | D:3      | Killed Robin
  3696 | D:3      | Reached skill level 7 in Axes
  3981 | D:3      | Noticed qw's ghost (amateur BaCK)
  3983 | D:3      | 3983 ||| READING scroll labelled BAEJIAF QOFYSCH.
  3984 | D:3      | 3984 ||| DRINKING 2 golden potions.
  3984 | D:3      | Gained mutation: You passively dampen the noise of your
                  | surroundings. [potion of mutation]
  3984 | D:3      | Gained mutation: Your flesh is cold resistant. (rC+)
                  | [potion of mutation]
  3984 | D:3      | Gained mutation: You have large cloven feet. [potion of
                  | mutation]
  3984 | D:3      | Gained mutation: Your natural rate of healing is unusually
                  | fast. [potion of mutation]
  4075 | D:4      | 4075 ||| Stepping ~*~*~tactically~*~*~ (stealth).
  4080 | D:4      | 4080 ||| Stepping ~*~*~tactically~*~*~ (stealth).
  4132 | D:4      | Reached XP level 6. HP: 52/52 MP: 5/5
  4155 | D:4      | Found a staircase to the Ecumenical Temple.
  4156 | D:4      | 4156 ||| PLANNING TEMPLE
  4161 | Temple   | Entered the Ecumenical Temple
  4170 | Temple   | Became a worshipper of Ru the Awakened
  4172 | Temple   | 4172 ||| PLANNING D:1-11
  4332 | D:4      | 4332 ||| Stepping ~*~*~tactically~*~*~ (stealth).
  4335 | D:4      | 4335 ||| Stepping ~*~*~tactically~*~*~ (stealth).
  4347 | D:4      | 4347 ||| Stepping ~*~*~tactically~*~*~ (hiding).
  4410 | D:4      | Reached skill level 8 in Axes
  4423 | D:4      | Found a runed translucent door.
  4425 | D:4      | Noticed qw's ghost (novice GrFi)
  4543 | D:4      | Noticed Sigmund
  4544 | D:4      | 4544 ||| Stepping ~*~*~tactically~*~*~ (hiding).
  4550 | D:4      | Killed Sigmund
  4551 | D:4      | Reached skill level 9 in Axes
  4551 | D:4      | Reached XP level 7. HP: 57/59 MP: 6/6
  4741 | D:4      | Found a glowing golden altar of the Shining One.
  4872 | D:4      | Found a shimmering altar of Xom.
  5018 | D:5      | Entered Level 5 of the Dungeon
  5065 | D:5      | Found an iron altar of Okawaru.
  5288 | D:5      | 5288 ||| INVOKING Sacrifice Arcana.
  5288 | D:5      | Gained mutation: You cannot study or cast Ice magic. [Ru
                  | sacrifice]
  5288 | D:5      | Gained mutation: You cannot study or cast Transmutations
                  | magic. [Ru sacrifice]
  5288 | D:5      | Gained mutation: You cannot study or cast Summoning magic.
                  | [Ru sacrifice]
  5288 | D:5      | Reached * piety under Ru
  5761 | D:5      | 5761 ||| READING 3 scrolls of identify.
  5761 | D:5      | 5761 ||| IDENTIFYING fuming amethyst potion
  5762 | D:5      | 5762 ||| DROPPING potion of lignification.
  5809 | D:6      | 5809 ||| STAIRDANCE
  5867 | D:6      | 5867 ||| DROPPING +0 mace.
  5888 | D:6      | 5888 ||| Stepping ~*~*~tactically~*~*~ (hiding).
  5893 | D:6      | Reached skill level 10 in Axes
  5921 | D:6      | 5921 ||| Stepping ~*~*~tactically~*~*~ (stealth).
  5997 | D:6      | Reached skill level 1 in Throwing
  5997 | D:6      | Reached XP level 8. HP: 68/69 MP: 7/7
  6305 | D:6      | Reached skill level 6 in Fighting
  6448 | D:6      | 6448 ||| UPGRADING to +6 ring of dexterity.
  6449 | D:6      | 6449 ||| READING scroll labelled YMUKLOB XUIQYGH.
  6450 | D:6      | 6450 ||| DRINKING 2 blue potions.
  6451 | D:6      | 6451 ||| READING 2 scrolls of identify.
  6451 | D:6      | 6451 ||| IDENTIFYING viscous sapphire potion
  6452 | D:6      | 6452 ||| DROPPING potion of attraction.
  6453 | D:6      | 6453 ||| DROPPING potion of degeneration.
  6538 | D:7      | Reached skill level 3 in Dodging
  6557 | D:7      | 6557 ||| Stepping ~*~*~tactically~*~*~ (hiding).
  6596 | D:7      | 6596 ||| Stepping ~*~*~tactically~*~*~ (stealth).
  6615 | D:7      | Identified the amulet "Vaoth" {Acrobat rN+ Will+}
  6617 | D:7      | 6617 ||| Stepping ~*~*~tactically~*~*~ (hiding).
  6643 | D:7      | Reached skill level 11 in Axes
  6667 | D:7      | 6667 ||| Stepping ~*~*~tactically~*~*~ (stealth).
  6668 | D:7      | 6668 ||| Stepping ~*~*~tactically~*~*~ (hiding).
  6676 | D:7      | 6676 ||| Stepping ~*~*~tactically~*~*~ (hiding).
  6689 | D:7      | 6689 ||| Stepping ~*~*~tactically~*~*~ (stealth).
  6690 | D:7      | 6690 ||| Stepping ~*~*~tactically~*~*~ (stealth).
  6728 | D:7      | 6728 ||| Stepping ~*~*~tactically~*~*~ (hiding).
  6729 | D:7      | 6729 ||| Stepping ~*~*~tactically~*~*~ (hiding).
  6743 | D:7      | Reached skill level 12 in Axes
  6746 | D:7      | Reached XP level 9. HP: 48/78 MP: 8/8
  7017 | D:7      | 7017 ||| INVOKING Sacrifice Experience.
  7017 | D:7      | Gained mutation: You are somewhat inexperienced. (-1 XL)
                  | [Ru sacrifice]
  7017 | D:7      | Reached XP level 8. HP: 73/73 MP: 7/7
  7017 | D:7      | Reached ** piety under Ru
  7122 | D:7      | 7122 ||| Stepping ~*~*~tactically~*~*~ (stealth).
  7123 | D:7      | 7123 ||| Stepping ~*~*~tactically~*~*~ (stealth).
  7127 | D:7      | 7127 ||| Stepping ~*~*~tactically~*~*~ (stealth).
  7130 | D:7      | 7130 ||| Stepping ~*~*~tactically~*~*~ (stealth).
  7132 | D:7      | 7132 ||| Stepping ~*~*~tactically~*~*~ (stealth).
  7291 | D:7      | 7291 ||| UPGRADING to +0 pearl dragon scales.
  7301 | D:7      | 7301 ||| DROPPING +0 scale mail.
  7302 | D:7      | 7302 ||| UPGRADING to amulet "Vaoth" {Acrobat rN+ Will+}.
  7307 | D:7      | 7307 ||| UPGRADING to +4 ring of protection.
  7309 | D:7      | 7309 ||| DROPPING +6 ring of dexterity.
  7310 | D:7      | 7310 ||| READING 2 scrolls of identify.
  7310 | D:7      | 7310 ||| IDENTIFYING yellow potion
  7405 | D:8      | Found a staircase to the Lair.
  7408 | D:8      | 7408 ||| Stepping ~*~*~tactically~*~*~ (hiding).
  7420 | D:8      | Reached skill level 13 in Axes
  7442 | D:8      | 7442 ||| Stepping ~*~*~tactically~*~*~ (stealth).
  7477 | D:8      | 7477 ||| FLEEEEING.
  7478 | D:8      | 7478 ||| FLEEEEING.
  7494 | D:8      | 7494 ||| FLEEEEING.
  7498 | D:8      | 7498 ||| FLEEEEING.
  7500 | D:8      | 7500 ||| FLEEEEING.
  7501 | D:8      | 7501 ||| FLEEEEING.
  7502 | D:8      | 7502 ||| FLEEEEING.
  7503 | D:8      | 7503 ||| FLEEEEING.
  7504 | D:8      | 7504 ||| FLEEEEING.
  7621 | D:8      | Found a hide-covered altar of Uskayaw.
  7663 | D:8      | Found an ornate altar of the Wu Jian Council.
  7664 | D:8      | Found a broken altar of Ashenzari.
  7695 | D:8      | Found a flagged portal.
  7774 | D:8      | 7774 ||| Stepping ~*~*~tactically~*~*~ (stealth).
  7776 | D:8      | Reached XP level 9. HP: 79/82 MP: 8/8
  7796 | D:8      | Reached skill level 14 in Axes
  7816 | D:8      | Noticed a gargoyle
  7824 | D:8      | Killed a gargoyle
  7825 | D:8      | Reached skill level 15 in Axes
  7837 | D:8      | 7837 ||| DROPPING +0 flail.
  8020 | D:8      | Found a sparkling altar of Nemelex Xobeh.
  8038 | D:8      | 8038 ||| UPGRADING to +3 plate armour.
  8048 | D:8      | 8048 ||| DROPPING +0 pearl dragon scales.
  8049 | D:8      | 8049 ||| UPGRADING to +1 hat.
  8054 | D:8      | 8054 ||| READING 2 scrolls labelled ZEUCAYLUIN.
  8055 | D:8      | 8055 ||| READING scroll labelled ALECRED ATOCAF.
  8056 | D:8      | 8056 ||| READING scroll labelled MIUFAI FUSOL.
  8057 | D:8      | 8057 ||| DROPPING scroll of fog.
  8087 | D:9      | Noticed Erica
  8099 | D:9      | Killed Erica
  8183 | D:9      | 8183 ||| Stepping ~*~*~tactically~*~*~ (stealth).
  8185 | D:9      | Found a staircase to the Orcish Mines.
  8186 | D:9      | 8186 ||| Stepping ~*~*~tactically~*~*~ (hiding).
  8220 | D:9      | 8220 ||| Stepping ~*~*~tactically~*~*~ (hiding).
  8227 | D:9      | Reached skill level 9 in Fighting
  8344 | D:9      | 8344 ||| Stepping ~*~*~tactically~*~*~ (stealth).
  8397 | D:9      | 8397 ||| Stepping ~*~*~tactically~*~*~ (stealth).
  8399 | D:9      | 8399 ||| Stepping ~*~*~tactically~*~*~ (stealth).
  8401 | D:9      | 8401 ||| Stepping ~*~*~tactically~*~*~ (stealth).
  8410 | D:9      | 8410 ||| FLEEEEING.
  8411 | D:9      | 8411 ||| FLEEEEING.
  8412 | D:9      | 8412 ||| FLEEEEING.
  8413 | D:9      | 8413 ||| FLEEEEING.
  8444 | D:9      | Noticed Maurice
  8458 | D:9      | Killed Maurice
  8459 | D:9      | Reached skill level 16 in Axes
  8471 | D:9      | 8471 ||| INVOKING Reject Sacrifices.
  8518 | D:9      | Reached XP level 10. HP: 91/91 MP: 9/9
  8525 | D:9      | Reached skill level 6 in Shields
  8615 | D:9      | 8615 ||| Stepping ~*~*~tactically~*~*~ (stealth).
  8619 | D:9      | 8619 ||| Stepping ~*~*~tactically~*~*~ (hiding).
  8620 | D:9      | 8620 ||| Stepping ~*~*~tactically~*~*~ (hiding).
  8623 | D:9      | 8623 ||| Stepping ~*~*~tactically~*~*~ (hiding).
  8842 | D:9      | Reached skill level 3 in Throwing
  8998 | D:9      | 8998 ||| UPGRADING to +0 cloak.
  9003 | D:9      | 9003 ||| DROPPING ring of protection from cold.
  9004 | D:9      | 9004 ||| READING scroll labelled VODGHACVECIR.
  9009 | D:10     | Entered Level 10 of the Dungeon
  9009 | D:10     | Found an opulent altar of Gozag.
  9050 | D:10     | 9050 ||| Stepping ~*~*~tactically~*~*~ (hiding).
  9052 | D:10     | 9052 ||| Stepping ~*~*~tactically~*~*~ (hiding).
  9065 | D:10     | 9065 ||| Stepping ~*~*~tactically~*~*~ (stealth).
  9066 | D:10     | 9066 ||| Stepping ~*~*~tactically~*~*~ (stealth).
  9067 | D:10     | 9067 ||| Stepping ~*~*~tactically~*~*~ (stealth).
  9068 | D:10     | 9068 ||| Stepping ~*~*~tactically~*~*~ (stealth).
  9069 | D:10     | 9069 ||| Stepping ~*~*~tactically~*~*~ (stealth).
  9070 | D:10     | Noticed a rakshasa
  9070 | D:10     | Noticed a green ugly thing
  9071 | D:10     | 9071 ||| Stepping ~*~*~tactically~*~*~ (stealth).
  9073 | D:10     | 9073 ||| Stepping ~*~*~tactically~*~*~ (hiding).
  9075 | D:10     | Noticed a skeletal warrior
  9078 | D:10     | Noticed a seven-headed hydra
  9081 | D:10     | Noticed a skeletal warrior
  9085 | D:10     | Killed a green ugly thing
  9094 | D:10     | 9094 ||| SWAPPING to +0 morningstar.
  9096 | D:10     | 9096 ||| SWAPPING to +2 spectral war axe.
  9100 | D:10     | 9100 ||| SWAPPING to +0 morningstar.
  9100 | D:10     | HP: 18/91 [rakshasa/+0 long sword (9)]
  9100 | D:10     | HP: 6/91 [skeletal warrior/+0 dire flail (12)]
  9101 | D:10     | 9101 ||| READING 5 scrolls of teleportation.
  9102 | D:10     | 9102 ||| DRINKING 8 potions of heal wounds.
  9103 | D:10     | 9103 ||| DRINKING 7 potions of heal wounds.
  9104 | D:10     | 9104 ||| Stepping ~*~*~tactically~*~*~ (outnumbered).
  9104 | D:10     | Found a snail-covered altar of Cheibriados.
  9105 | D:10     | 9105 ||| SWAPPING to +2 spectral war axe.
  9168 | D:10     | 9168 ||| Stepping ~*~*~tactically~*~*~ (stealth).
  9219 | D:10     | Noticed Urug
  9230 | D:10     | Killed Urug
  9231 | D:10     | Reached skill level 17 in Axes
  9298 | D:10     | 9298 ||| Stepping ~*~*~tactically~*~*~ (stealth).
  9302 | D:10     | 9302 ||| Stepping ~*~*~tactically~*~*~ (stealth).
  9310 | D:10     | 9310 ||| Stepping ~*~*~tactically~*~*~ (stealth).
  9339 | D:10     | Noticed Fannar
  9357 | D:10     | Killed Fannar
  9426 | D:10     | Noticed Nergalle
  9431 | D:10     | Killed Nergalle
  9483 | D:10     | 9483 ||| Stepping ~*~*~tactically~*~*~ (stealth).
  9486 | D:10     | 9486 ||| Stepping ~*~*~tactically~*~*~ (stealth).
  9487 | D:10     | 9487 ||| Stepping ~*~*~tactically~*~*~ (stealth).
  9491 | D:10     | 9491 ||| SWAPPING to +0 morningstar.
  9497 | D:10     | Killed a seven-headed hydra
  9498 | D:10     | Reached skill level 9 in Armour
  9498 | D:10     | 9498 ||| SWAPPING to +2 spectral war axe.
  9522 | D:10     | 9522 ||| Stepping ~*~*~tactically~*~*~ (stealth).
  9548 | D:10     | Killed a skeletal warrior
  9550 | D:10     | 9550 ||| Stepping ~*~*~tactically~*~*~ (stealth).
  9603 | D:10     | Killed a rakshasa
  9604 | D:10     | Reached XP level 11. HP: 90/101 MP: 10/10
  9673 | D:10     | Found Vatifu's Magic Scroll Shoppe.
  9777 | D:10     | Found a shimmering blue altar of Sif Muna.
 10083 | D:10     | 10083 ||| UPGRADING to scarf of resistance.
 10093 | D:10     | 10093 ||| UPGRADING to ring of poison resistance.
 10095 | D:10     | 10095 ||| DROPPING ring of positive energy.
 10096 | D:10     | 10096 ||| READING 4 scrolls of identify.
 10096 | D:10     | 10096 ||| IDENTIFYING green potion
 10097 | D:10     | 10097 ||| READING 3 scrolls of identify.
 10097 | D:10     | 10097 ||| IDENTIFYING glowing red potion
 10098 | D:10     | 10098 ||| DROPPING potion of flight.
 10168 | D:11     | 10168 ||| Stepping ~*~*~tactically~*~*~ (stealth).
 10335 | D:11     | Found the +3 giant club "Skullcrusher" {speed, Str+7}
 10341 | D:11     | Noticed a boulder beetle
 10348 | D:11     | Noticed a two-headed ogre
 10353 | D:11     | Noticed a boulder beetle
 10362 | D:11     | 10362 ||| FLEEEEING.
 10367 | D:11     | HP: 22/102 [red ugly thing[an orange crystal statue] (6)]
 10368 | D:11     | 10368 ||| READING 6 scrolls of teleportation.
 10368 | D:11     | HP: 7/102 [red ugly thing[an orange crystal statue] (8)]
 10369 | D:11     | 10369 ||| DRINKING 7 potions of heal wounds.
 10370 | D:11     | 10370 ||| DRINKING 6 potions of heal wounds.
 10449 | D:11     | Noticed Psyche
 10451 | D:11     | Killed Psyche
 10464 | D:11     | 10464 ||| Stepping ~*~*~tactically~*~*~ (stealth).
 10466 | D:11     | Noticed a two-headed ogre
 10475 | D:11     | Reached skill level 12 in Fighting
 10476 | D:11     | Killed a two-headed ogre
 10578 | D:11     | Noticed a two-headed ogre
 10578 | D:11     | Noticed a two-headed ogre
 10581 | D:11     | 10581 ||| DRINKING 2 potions of curing.
 10581 | D:11     | 10581 ||| (to cure confusion)
 10593 | D:11     | Noticed a five-headed hydra
 10593 | D:11     | 10593 ||| SWAPPING to +0 morningstar.
 10598 | D:11     | 10598 ||| DRINKING potion of curing.
 10598 | D:11     | 10598 ||| (to cure confusion)
 10600 | D:11     | HP: 20/104 [five-headed hydra[an orange crystal statue]
                  | (10)]
 10600 | D:11     | HP: 2/104 [manticore[an orange crystal statue] (18)]
 10601 | D:11     | 10601 ||| READING 5 scrolls of teleportation.
 10601 | D:11     | Slain by a five-headed hydra

Levels and vault maps discovered:
D:1:      psy_arrival_radial02, layout_loops_corners, serial_shops, shop
D:2:      layout_rooms, minivault_26, hangedman_decor_lopped,
          nrook_mini_backslash, minmay_door_square
D:3:      layout_loops_corners, bloody_makhleb, ebering_ghost_reflecting_pool,
          gup_sewer_entry_glass, serial_undead, serial_undead_b,
          serial_undead_a, serial_undead_c, serial_undead_b, uniq_natasha,
          uniq_robin
D:4:      layout_basic, mainiacjoe_overflow_cross_hatched,
          nicolae_tso_besieged_by_evil, minmay_temple_entry_butterflies,
          ebering_ghost_inner_flame, minmay_misc_feat_tower, st_stairs_9,
          nrook_mini_vaults, minmay_misc_feat_iff, uniq_sigmund
D:5:      layout_gridville, old_standard_altar, nicolae_figureground_pulse
D:6:      layout_gridville, minmay_strange_pillars
D:7:      layout_basic, hex_medium
D:8:      layout_cave_pools, lemuel_doored_altar,
          nicolae_uskayaw_murder_on_the_dancefloor,
          mainiacjoe_overflow_divided_tiny, erik_lair_orcish_takeover,
          enter_bailey_2, grunt_potential
D:9:      layout_grid_maze, david_orc_2, uniq_maurice, uniq_erica
D:10:     layout_roguey, nicolae_gozag_seed_capital,
          nicolae_sif_muna_little_library, slow_altar_1, serial_shops,
          nicolae_take_the_stairs, abandoned_shop, minmay_the_grid_2x2
          [minmay_the_grid_plusring, minmay_the_grid_spin_star,
          minmay_the_grid_expand, minmay_the_grid_prize_big_room], uniq_fannar,
          uniq_nergalle, uniq_urug
D:11:     layout_cave_pools, minmay_protected_statue, uniq_psyche
Temple:   hellmonk_temple_of_storms

Skill      XL: |  1  2  3  4  5  6  7  8  9 10 11 |
---------------+----------------------------------+-----
Axes           | 3 4 5 6 7 9 10 13 16 17 | 17.0
Dodging        | 1 4 |  4.1
Fighting       | 4 5 8 9 10 12 | 12.1
Throwing       | 1 2 4 5 |  5.0
Shields        | 5 7 8 |  8.0
Armour         | 5 7 9 10 | 10.0

Action                   |  1- 3 |  4- 6 |  7- 9 | 10-12 || total
-------------------------+-------+-------+-------+-------++-------
Melee: War axe           |    73 |   160 |   259 |   199 ||   691
       Headbutt          |     8 |    22 |    43 |    48 ||   121
       Kick              |       |    16 |    73 |    68 ||   157
       Morningstar       |       |       |       |    12 ||    12
Throw: Boomerang         |    25 |     4 |    39 |     7 ||    75
       Javelin           |       |       |       |    50 ||    50
Invok: Sacrifice Arcana  |       |       |     1 |       ||     1
       Sacrifice Experie |       |       |     1 |       ||     1
       Reject Sacrifices |       |       |     1 |       ||     1
  Use: Scroll            |    11 |     3 |     7 |     6 ||    27
       Potion            |       |     2 |     1 |     6 ||     9
 Stab: Distracted        |       |       |     1 |     3 ||     4
Armor: Scale mail        |    24 |    25 |    24 |       ||    73
       Pearl dragon scal |       |       |    11 |       ||    11
       Plate armour      |       |       |     6 |   126 ||   132
Dodge: Dodged            |    32 |    68 |   120 |   105 ||   325
Block: Buckler           |    13 |    34 |    36 |    56 ||   139

Table legend:
 A = Non-vault XP
 B = Vault XP
 C = Vault XP percentage of total XP
 D = Non-vault monster count
 E = Vault monster count
 F = Vault count percentage of total count
                 A         B        C        D         E       F
            +---------+---------+-------+---------+---------+-------
      Total |   15660 |   13367 |  46.1 |     205 |     110 |  34.9
            +---------+---------+-------+---------+---------+-------
        D:1 |      26 |       0 |   0.0 |      14 |       0 |   0.0
        D:2 |      10 |       0 |   0.0 |       4 |       0 |   0.0
        D:3 |     109 |      99 |  47.6 |      22 |      18 |  45.0
        D:4 |     347 |     246 |  41.5 |      17 |      10 |  37.0
        D:5 |     255 |       0 |   0.0 |       8 |       0 |   0.0
        D:6 |     544 |       0 |   0.0 |      11 |       0 |   0.0
        D:7 |    1650 |       0 |   0.0 |      29 |       0 |   0.0
        D:8 |    1130 |    3281 |  74.4 |      23 |      33 |  58.9
        D:9 |    3524 |    1417 |  28.7 |      35 |       7 |  16.7
       D:10 |    3893 |    7848 |  66.8 |      25 |      20 |  44.4
       D:11 |    4172 |     383 |   8.4 |      17 |       1 |   5.6
      Sewer |       0 |      93 | 100.0 |       0 |      21 | 100.0
            +---------+---------+-------+---------+---------+-------
